 Dungeon Crawl Stone Soup version 0.31-a0-486-g8d68a81214 (webtiles) character file.

Game seed: 8398852637444882232

326 AstroCodex24 the Chopper (level 6, 0/51 HPs)
             Began as a Demigod Fighter on Aug 7, 2023.
             Slain by an orc
             ... wielding a +0 morningstar
              (9 damage)
             ... on level 3 of the Dungeon.
             The game lasted 00:06:28 (1613 turns).

AstroCodex24 the Chopper (Demigod Fighter)          Turns: 1613, Time: 00:06:28

Health: 0/51       AC:  7    Str: 25    XL:     6   Next: 3%
Magic:  17/17      EV: 10    Int: 10    God:
Gold:   79         SH:  4    Dex: 13    Spells: 5/5 levels left

rFire   . . .        a - +0 war axe
rCold   . . .        c - +0 buckler
rNeg    . . .        b - +0 scale mail
rPois   .            (no helmet)
rElec   .            (no cloak)
rCorr   .            (no gloves)
SInv    .            (no boots)
Will    .....        (no amulet) Stlth
                     j - ring of magical power
HPRegen 0.28/turn    (no ring)
MPRegen 0.15/turn

%: no passive effects
@: no status effects
A: high MP 1, forlorn, divine attributes
a: no special abilities


You were on level 3 of the Dungeon.
You visited 1 branch of the dungeon, and saw 5 of its levels.

You collected 79 gold pieces.

Inventory:

Hand Weapons
 a - a +0 war axe (weapon)
Armour
 b - a +0 scale mail (worn)
 c - a +0 buckler (worn)
Jewellery
 j - a ring of magical power (left hand)
Scrolls
 e - a scroll of poison {unknown}
 f - 2 scrolls of enchant armour {unknown}
 h - a scroll of silence {unknown}
 i - a scroll of noise {unknown}
 l - a scroll of fog {unknown}
Potions
 d - a potion of might
 g - a potion of lignification {unknown}
 k - a potion of magic {unknown}


   Skills:
 + Level 3.4 Fighting
 + Level 4.2 Axes
 + Level 3.8 Armour
 + Level 1.0 Dodging
 + Level 0.2 Stealth
 + Level 3.3 Shields


You had 5 spell levels left.
You didn't know any spells.
Your spell library was empty.

Dungeon Overview and Level Annotations

Branches:
Dungeon (5/15)
 Temple: D:4-7

Annotations:
D:3 Ijyb, Terence


Innate Abilities, Weirdness & Mutations

You have an increased reservoir of magic. (+10% MP)
You shall have no god before yourself.
Your divine heritage dramatically boosts your attributes as you level up.


Message History

You barely miss the orc wizard. You hit the orc but do no damage.
The orc misses you.
The orc wizard hits you with a +0 dagger.
The orc hits you with a +0 morningstar!
* * * LOW HITPOINT WARNING * * *
You block the orc wizard's attack.
You closely miss the orc. You barely miss the orc wizard.
The orc barely misses you. You block the orc wizard's attack.
You barely miss the orc. You hit the orc wizard. The orc barely misses you.
The orc wizard hits you with a +0 dagger.
* * * LOW HITPOINT WARNING * * *
You hit the orc but do no damage. You slash the orc wizard!
The orc wizard hits you but does no damage.
The orc hits you with a +0 morningstar.
* * * LOW HITPOINT WARNING * * *
The orc wizard hits you but does no damage.
The orc barely misses you.
You barely miss the orc wizard.
The orc wizard is almost dead.
You hit the orc but do no damage. The orc barely misses you.
The orc wizard closely misses you.
You slash the orc wizard!
You kill the orc wizard!
You barely miss the orc. The orc hits you but does no damage.
You have reached level 6!
Your experience leads to a dramatic increase in your attributes!
Increase (S)trength, (I)ntelligence, or (D)exterity?
You feel stronger. x4
You closely miss the orc. You block the orc's attack.
The orc barely misses you.
You hit the orc.
The orc is severely wounded.
You block the orc's attack.
You barely miss the orc.
The orc is severely wounded.
The orc misses you.
You barely miss the orc.
The orc is severely wounded.
The orc hits you but does no damage. The orc hits you with a +0 morningstar!
You die...

..# #..# .# ##########.#
...# ### .. #.........)#
...# #.!# .##..........#
..># #... .............#
...# #.$##.#..........#
...# #..#.#..........#
...######...#..<)......#
....<.......?..o@......#
.......####............#
.#......# #...##########
..####.>###.....
#...##............
###.##.#.....##...?
#.....###....#.[.
#.....# #.##. ...
##....###.#


You could see an orc.

Vanquished Creatures
  Menkaure (D:4)
  A scorpion (D:4)
  A hound (D:4)
  An orc priest (D:3)
  An orc wizard (D:3)
  An adder (D:2)
  A worm (D:3)
  3 dart slugs
  7 orcs
  2 bats
  3 endoplasms
  3 goblins (D:1)
  4 hobgoblins
  A quokka (D:1)
  4 ball pythons
  2 frilled lizards (D:3)
  A kobold (D:3)
  4 rats
41 creatures vanquished.

Notes
Turn   | Place    | Note
-------+----------+-------------------------------------------
     0 | D:1      | AstroCodex24 the Demigod Fighter began the quest for the
                  | Orb.
     0 | D:1      | Reached XP level 1. HP: 18/18 MP: 3/3
    94 | D:1      | Reached XP level 2. HP: 25/25 MP: 4/4
   133 | D:2      | Reached skill level 2 in Axes
   274 | D:3      | Reached XP level 3. HP: 30/31 MP: 5/5
   624 | D:4      | Noticed Menkaure
   635 | D:4      | Killed Menkaure
   636 | D:4      | Reached skill level 3 in Axes
   636 | D:4      | Reached XP level 4. HP: 8/38 MP: 6/6
   636 | D:4      | Reached XP level 5. HP: 9/45 MP: 7/7
  1168 | D:4      | Reached skill level 4 in Axes
  1168 | D:4      | Reached skill level 1 in Dodging
  1444 | D:5      | Entered Level 5 of the Dungeon
  1480 | D:3      | Noticed Terence
  1480 | D:3      | Noticed Ijyb
  1610 | D:3      | Reached XP level 6. HP: 7/51 MP: 8/8
  1613 | D:3      | Slain by an orc

Illustrated notes

Levels and vault maps discovered:
D:1:      dpeg_arrival_rooms_with_view, layout_rooms
D:2:      layout_rooms, serial_shops, shop, basic_altar
D:3:      layout_rooms, mainiacjoe_overflow_cross_hatched,
          gup_sewer_entry_spiral, uniq_jessica, uniq_terence, uniq_ijyb
D:4:      layout_cave_pods, kennysheep_generic_room_6, uniq_menkaure
D:5:      layout_basic, hangedman_decor_riveting, uniq_eustachio

Skill      XL: |  1  2  3  4  5 |
---------------+----------------+-----
Armour         | 3 |  3.8
Axes           | 2 3 4 |  4.2
Fighting       | 3 |  3.4
Shields        | 3 |  3.3
Dodging        | 1 |  1.0
Stealth        | |  0.2

Action                     |  1- 3 |  4- 6 || total
---------------------------+-------+-------++-------
  Melee: War axe           |    84 |    51 ||   135
 Armour: Scale mail        |    47 |    20 ||    67
  Dodge: Dodged            |    56 |    34 ||    90
  Block: Buckler           |    30 |    17 ||    47

Table legend: (Time is in decaauts)
 A = Elapsed time spent in this place.
 B = Non-inter-level travel time spent in this place.
 C = Inter-level travel time spent in this place.
 D = Time resting spent in this place.
 E = Time spent auto-exploring this place.
 F = Levels seen in this place.
 G = Mean time per level.
                   A        B        C        D        E       F      G
               +--------+--------+--------+--------+--------+-----+--------+
         Total |   1666 |   1376 |    290 |      0 |      0 |   5 |  333.2 |
       Dungeon |   1666 |   1376 |    290 |      0 |      0 |   5 |  333.2 |
               +--------+--------+--------+--------+--------+-----+--------+

Top non-repeatable levels by time:
     D:4: 1285 daAuts
     D:1: 134 daAuts
     D:2: 133 daAuts
     D:3: 110 daAuts
     D:5: 1 daAuts
